 Dungeon Crawl Stone Soup version 0.30-a0-1043-g60ff8d5f49 (webtiles) character file.

Game seed: 12390019263841594511

4 Arcadio the Grave Robber (level 1, -1/13 HPs)
             Began as a Human Necromancer on Apr 9, 2023.
             Slain by a gnoll
             ... wielding a +0 flail
              (6 damage)
             ... on level 1 of the Dungeon.
             The game lasted 00:00:24 (217 turns).

Arcadio the Grave Robber (Human Necromancer)         Turns: 217, Time: 00:00:26

Health: -1/13      AC:  2    Str:  8    XL:     1   Next: 66%
Magic:  0/3        EV: 12    Int: 15    God:
Gold:   0          SH:  0    Dex: 13    Spells: 3/4 levels left

rFire   . . .      SeeInvis .    d - +0 club
rCold   . . .      Faith    .    (no shield)
rNeg    . . .      Spirit   +    a - +0 robe
rPois   .          Reflect  .    (no helmet)
rElec   .          Rampage  .    (no cloak)
rCorr   .                        (no gloves)
Will    .....                    (no boots)
Stlth   ++                       e - amulet of guardian spirit
HPRegen 0.22/turn                c - +4 ring of slaying
MPRegen 0.08/turn                (no ring)

@: no status effects
A: no striking features
a: no special abilities


You were on level 1 of the Dungeon.
You visited 1 branch of the dungeon, and saw 1 of its levels.

Inventory:

Hand Weapons
 d - a +0 club (weapon)
Armour
 a - a +0 robe (worn)
Jewellery
 c - a +4 ring of slaying (left hand)
 e - an amulet of guardian spirit (around neck)
Potions
 b - a potion of magic
 f - a potion of curing {unknown}


   Skills:
 + Level 2.1 Dodging
 - Level 2.0 Stealth
 + Level 2.1 Spellcasting
 + Level 4.0 Necromancy


You had 3 spell levels left.
You knew the following spells:

 Your Spells              Type           Power      Damage    Failure   Level
a - Necrotise             Necr           52%        1d6       4%          1

Your spell library contained the following spells:

 Spells                   Type           Power      Damage    Failure   Level
 Vampiric Draining        Necr           13%        2d6       12%         3
 Animate Dead             Necr           13%        N/A       38%         4
 Agony                    Necr           13%        N/A       75%         5


Dungeon Overview and Level Annotations

Branches:
Dungeon (1/15) Zot: 5778

Altars:


Message History

A bat comes into view.
You start putting on your amulet.
You continue putting on your amulet of guardian spirit. x4
The bat hits you but does no damage.
You continue putting on your amulet of guardian spirit.
You finish putting on your amulet of guardian spirit.
You feel your power drawn to a protective spirit.
e - an amulet of guardian spirit (around neck)
You hit the bat.
You kill the bat!
You enter the shallow water.
Moving in this stuff is going to be slow.
You enter the shallow water.
Moving in this stuff is going to be slow.
A bat comes into view.
The bat barely misses you.
You hit the bat.
You kill the bat!
You see here a bat corpse.
You see here a scarf of resistance.
You see here a scarf of resistance.
You see here 7 stones.
You see here a +0 scale mail.
A gnoll comes into view. It is wielding a +0 flail.
The gnoll shouts!
You enter the shallow water.
Moving in this stuff is going to be slow.
You hit the gnoll but do no damage. The gnoll completely misses you.
You hit the gnoll.
The gnoll is moderately wounded.
The gnoll hits you with a +0 flail!
Ouch! That really hurt!
The gnoll closely misses you.
Casting: Necrotise (safe; 4% risk of failure)
Confirm with . or Enter, or press ? or * to list all spells.
Aiming: Necrotise (safe; 4% risk of failure)
Press: ? - help, Shift-Dir - straight line, f - gnoll
Aim: a gnoll, wielding a +0 flail (moderately wounded, chance to affect: 76%)
The gnoll writhes in agony.
The gnoll hits you with a +0 flail.
You die...

#.# #.# #.#
~≈≈≈≈≈≈ #.#
#.# #.#
~~≈≈≈~~
#.######.# #.#
P~~≈~~~
#.(......# ###
~P~~~P~
#.######.#
~~~~~~~ #[#
### ~~~~~~~
#.#
~~~~~~~♣####.#
P~~~~~~~g@...#
~P~~~~~#######
#♣♣♣♣♣#


You could see a gnoll.

Vanquished Creatures
  A giant cockroach (D:1)
  A hobgoblin (D:1)
  2 bats (D:1)
4 creatures vanquished.

Notes
Turn   | Place    | Note
-------+----------+-------------------------------------------
     0 | D:1      | Arcadio the Human Necromancer began the quest for the Orb.
     0 | D:1      | Reached XP level 1. HP: 13/13 MP: 3/3
   217 | D:1      | Slain by a gnoll

Illustrated notes

Levels and vault maps discovered:
D:1:      lightli_molten_gateway, layout_basic, chequers_serial_rivers_micro_c,
          serial_bayou_lake_a

Action                     || total
---------------------------++-------
  Melee: Club              ||     8
   Cast: Necrotise         ||     1
 Armour: Robe              ||     3
  Dodge: Dodged            ||     5

Table legend: (Time is in decaauts)
 A = Elapsed time spent in this place.
 B = Non-inter-level travel time spent in this place.
 C = Inter-level travel time spent in this place.
 D = Time resting spent in this place.
 E = Time spent auto-exploring this place.
 F = Levels seen in this place.
 G = Mean time per level.
                   A        B        C        D        E       F      G
               +--------+--------+--------+--------+--------+-----+--------+
         Total |    220 |    220 |      0 |      0 |    173 |   1 |  220.0 |
       Dungeon |    220 |    220 |      0 |      0 |    173 |   1 |  220.0 |
               +--------+--------+--------+--------+--------+-----+--------+

Top non-repeatable levels by time:
     D:1: 220 daAuts
